 Dungeon Crawl Stone Soup version 0.29-a0-378-gc08b2e8bf8 (webtiles) character file.

Game seed: 13359911342345727089

112 Majang the Slasher (level 5, -16/32 HPs)
             Began as a Kobold Gladiator on May 4, 2022.
             Was an Initiate of Yredelemnul.
             Demolished by an ogre
             ... wielding a +0 giant club
              (20 damage)
             ... on level 4 of the Dungeon.
             The game lasted 00:07:04 (3388 turns).

Majang the Slasher (Kobold Gladiator)               Turns: 3388, Time: 00:07:05

Health: -16/32     AC:  7    Str: 12    XL:     5   Next: 16%
Magic:  6/6        EV: 14    Int:  9    God:    Yredelemnul [......]
Gold:   189        SH:  0    Dex: 18    Spells: 4/4 levels left

rFire   . . .      SeeInvis .   a - +0 long sword
rCold   . . .      Faith    .   (no shield)
rNeg    . . .      Spirit   .   h - +0 ring mail
rPois   .          Reflect  .   c - +0 helmet
rElec   .          Harm     .   p - +0 cloak
rCorr   .          Rampage  .   (no gloves)
Will    .....                   (no boots)
Stlth   ++........              (no amulet)
HPRegen 0.10/turn               (no ring)
MPRegen 0.10/turn               (no ring)

@: no status effects
A: small, no large weapons, nightstalker 3
a: Renounce Religion, Recall Undead Harvest


You were on level 4 of the Dungeon.
You worshipped Yredelemnul.
Yredelemnul was noncommittal.
You visited 1 branch of the dungeon, and saw 4 of its levels.

You collected 238 gold pieces.
You spent 49 gold pieces at shops.

Inventory:

Hand Weapons
 a - a +0 long sword (weapon)
Missiles
 d - 3 throwing nets (quivered)
 e - 2 boomerangs
Armour
 c - a +0 helmet (worn)
 h - a +0 ring mail (worn)
 p - a +0 cloak (worn)
 q - a +0 chain mail
Jewellery
 n - a ring of protection from cold
 t - a ring of flight
Scrolls
 b - a scroll of torment {unknown}
 f - a scroll of silence {unknown}
 g - 2 scrolls of enchant armour {unknown}
 i - 2 scrolls of identify {unknown}
 j - a scroll of summoning {unknown}
 k - a scroll of teleportation {unknown}
 s - 2 scrolls of poison {unknown}
Potions
 l - 2 potions of flight {unknown}
 m - a potion of ambrosia {unknown}
 o - a potion of attraction {unknown}
 r - a potion of lignification {unknown}
 u - 2 potions of might {unknown}


   Skills:
 + Level 3.3 Fighting
 * Level 3.7 Long Blades
 - Level 2.1 Throwing
 - Level 3.6 Dodging
 + Level 1.8 Invocations


You had 4 spell levels left.
You didn't know any spells.
Your spell library contained the following spells:

 Spells                   Type           Power      Damage    Failure   Level
 Static Discharge         Conj/Air       0%         N/A       80%         2
 Summon Guardian Golem    Hex/Summ       0%         N/A       95%         3
 Dispel Undead            Necr           0%         3d6       100%        4
 Leda's Liquefaction      Hex/Erth       0%         N/A       100%        4
 Sticky Flame             Conj/Fire      0%         2d3       100%        4
 Fireball                 Conj/Fire      0%         3d3       100%        5
 Iskenderun's Battlesphe  Conj           0%         2d6       100%        5
 Lee's Rapid Deconstruct  Erth           0%         3d5*      100%        5
 Conjure Ball Lightning   Conj/Air       0%         3x3d6     100%        6
 Statue Form              Tmut/Erth      0%         N/A       100%        6
 Orb of Destruction       Conj           0%         9d5       100%        7
 Spellforged Servitor     Conj/Summ      0%         N/A       100%        7


Dungeon Overview and Level Annotations

Branches:
Dungeon (4/15)
 Temple: D:4-7

Altars:
Dithmenos
Uskayaw
Yredelemnul

Shops:
D:2 [


Innate Abilities, Weirdness & Mutations

You are small and have problems with some larger weapons.
You are completely attuned to the shadows.


Message History

You barely miss the hobgoblin. The hobgoblin closely misses you.
You closely miss the hobgoblin. The hobgoblin misses you.
You hit the hobgoblin.
The hobgoblin is moderately wounded.
The hobgoblin barely misses you.
You barely miss the hobgoblin.
The hobgoblin is moderately wounded.
The hobgoblin hits you but does no damage.
You closely miss the hobgoblin.
The hobgoblin is moderately wounded.
The hobgoblin misses you.
An ogre comes into view. It is wielding a +0 giant club.
The hobgoblin hits you but does no damage.
You barely miss the hobgoblin.
The hobgoblin is moderately wounded.
The hobgoblin hits you.
You hit the hobgoblin.
You kill the hobgoblin!
You hit the ogre.
The ogre is lightly wounded.
The ogre hits you with a +0 giant club!
Ouch! That really hurt!
You barely miss the ogre.
The ogre is lightly wounded.
The ogre closely misses you.
You slash the ogre!
The ogre is severely wounded.
The ogre barely misses you.
You hit the ogre.
The ogre is severely wounded.
You barely miss the ogre.
The ogre is severely wounded.
The ogre hits you with a +0 giant club!
* * * LOW HITPOINT WARNING * * *
You hit the ogre.
The ogre is almost dead.
The ogre hits you with a +0 giant club!!
Ouch! That really hurt!
You die...
Your body rises from the dead as a mindless zombie.

########+###
#...........
#...........
#.##.#+#......@O...
#........##'#'#+#..
.........+..#.#
.........##.#.#
....<.>.[##.##.
##+#.#...#≈.≈##
#.#...#≈.≈#
#.#...#≈.≈#
#.#.#+#≈.≈#


You could see an ogre.

Vanquished Creatures
  A hound (D:2)
  2 adders (D:2)
  2 worms (D:2)
  2 dart slugs (D:1)
  An orc (D:3)
  6 ball pythons
  3 endoplasms
  2 giant cockroaches
  3 hobgoblins
  3 jackals (D:3)
  A quokka (D:2)
  7 bats
  A frilled lizard (D:1)
  4 goblins
  4 kobolds
  4 rats
46 creatures vanquished.

Vanquished Creatures (collateral kills)
  A dart slug (D:1)
  A bat (D:1)
  An endoplasm (D:1)
3 creatures vanquished.

Vanquished Creatures (others)
  3 bat zombies
  A hobgoblin zombie (D:3)
4 creatures vanquished.

Grand Total: 53 creatures vanquished

Notes
Turn   | Place    | Note
-------+----------+-------------------------------------------
     0 | D:1      | Majang the Kobold Gladiator began the quest for the Orb.
     0 | D:1      | Reached XP level 1. HP: 12/12 MP: 1/1
   231 | D:1      | Found a faded altar of an unknown god.
   250 | D:1      | Reached XP level 2. HP: 11/18 MP: 2/2
   372 | D:1      | Prayed at the altar of an unknown god.
   372 | D:1      | Became a worshipper of Yredelemnul the Dark
   372 | D:1      | Reached * piety under Yredelemnul
   798 | D:1      | Reached XP level 3. HP: 22/22 MP: 3/3
  1284 | D:2      | Reached skill level 1 in Invocations
  1387 | D:2      | Reached XP level 4. HP: 13/28 MP: 3/5
  1728 | D:2      | Found a hide-covered altar of Uskayaw.
  1971 | D:2      | Found Potas's Armour Shoppe.
  1976 | D:2      | Bought a +0 cloak for 49 gold pieces
  2029 | D:2      | Reached ** piety under Yredelemnul
  2380 | D:3      | Found a shadowy altar of Dithmenos.
  2421 | D:3      | Reached XP level 5. HP: 24/32 MP: 6/6
  3380 | D:4      | Noticed an ogre
  3388 | D:4      | Demolished by an ogre

Illustrated notes

Levels and vault maps discovered:
D:1:      dpeg_arrival_simpleton_a, layout_loops_cross,
          nicolae_ecumenical_snake_handling
D:2:      layout_loops_corners, serial_shops, shop, basic_altar,
          kennysheep_decorative_pillar
D:3:      layout_basic, mainiacjoe_overflow_concentric_impassable
D:4:      layout_basic, amcnicky_mini_rare_corridor_liquid,
          kennysheep_crisscross

Skill      XL: |  1  2  3 |
---------------+----------+-----
Long Blades    | 3 |  3.7
Invocations    | 1 |  1.8
Fighting       | 3 |  3.3
Throwing       | |  2.1
Dodging        | |  3.6

Action                   |  1- 3 |  4- 6 || total
-------------------------+-------+-------++-------
Melee: Long sword        |    66 |    61 ||   127
       Punch             |       |     1 ||     1
 Stab: Sleeping          |     4 |     5 ||     9
       Distracted        |     1 |       ||     1
Armor: Ring mail         |    22 |    14 ||    36
Dodge: Dodged            |    74 |    43 ||   117

Table legend: (Time is in decaauts)
 A = Elapsed time spent in this place.
 B = Non-inter-level travel time spent in this place.
 C = Inter-level travel time spent in this place.
 D = Time resting spent in this place.
 E = Time spent auto-exploring this place.
 F = Levels seen in this place.
 G = Mean time per level.
                   A        B        C        D        E       F      G
               +--------+--------+--------+--------+--------+-----+--------+
         Total |   3418 |   3365 |     53 |    379 |   2521 |   4 |  854.5 |
       Dungeon |   3418 |   3365 |     53 |    379 |   2521 |   4 |  854.5 |
               +--------+--------+--------+--------+--------+-----+--------+

Top non-repeatable levels by time:
     D:2: 1200 daAuts
     D:3: 1123 daAuts
     D:1: 1024 daAuts
     D:4: 70 daAuts
